 Dungeon Crawl Stone Soup version 0.27-a0-1188-g73eefd5def (webtiles) character file.

Game seed: 17362266302493575947

136922 robertstho the Eclecticist (level 17, -15/121 HPs)
             Began as a Djinni Fire Elementalist on May 21, 2021.
             Was an Initiate of Gozag.
             Hit by a large rock thrown by a cyclops (30 damage)
             ... on level 3 of the Shoals.
             The game lasted 01:34:30 (33703 turns).

robertstho the Eclecticist (DjFE)                  Turns: 33703, Time: 01:34:30

Health: -15/121    AC: 15    Str: 10    XL:     17   Next: 82%
Gold:   2730       EV: 10    Int: 26    God:    Gozag SH: 19 Dex: 14

rFire    + + +     SeeInvis .   f - +12 demon trident of Annihilation {flame, rF- Will+++ Int+4}
rCold    + + .     Faith    .   P - +2 tower shield
rNeg     . . .     Spirit   .   q - +0 troll leather armour of Classification {rF+++ rC+++ Regen+ Dex-2 Stlth-}
rPois    ∞         Reflect  +   z - +2 helmet
rElec    .         Harm     .   (no cloak)
rCorr    .         Rampage  .   X - +2 pair of gloves {Str+3}
Will     ++++.                  (boots unavailable)
Stlth    ++........             e - amulet of reflection
HPRegen  1.30/turn              y - +4 ring of protection
MPRegen  0.00/turn              M - ring of wizardry

@: gold aura, flying
A: sickness immunity, fire resistance 2, cold vulnerability 1, float, innate
caster, hp casting, extra vitality 1
a: Renounce Religion, Potion Petition, Call Merchant, Bribe Branch


You were on level 3 of the Shoals.
You worshipped Gozag.
Gozag was most pleased with you.
You visited 5 branches of the dungeon, and saw 27 of its levels.

You collected 7981 gold pieces.
You spent 2486 gold pieces at shops.
You paid 2765 gold pieces to Gozag.

Inventory:

Hand Weapons
 c - a +0 scimitar of flaming
 f - the +12 demon trident of Annihilation (weapon) {flame, rF- Will+++ Int+4}
   (You acquired it on level 1 of the Lair of Beasts)

   It has been specially enchanted to burn those struck by it, causing extra
   injury to most foes and up to half again as much damage against particularly
   susceptible opponents.
   It affects your intelligence (+4).
   It makes you vulnerable to fire.
   It greatly increases your willpower.
 L - the +7 broad axe "Luarhide" {flame, Drain rF+ rCorr Str+3}
   (You bought it in a shop on level 11 of the Dungeon)

   It has been specially enchanted to burn those struck by it, causing extra
   injury to most foes and up to half again as much damage against particularly
   susceptible opponents.
   Big, fiery blades are also staple armaments of hydra-hunters.
   It affects your strength (+3).
   It protects you from fire.
   It protects you from acid and corrosion.
   It drains your maximum health when unequipped.
Missiles
 r - 5 atropa-tipped darts
Armour
 q - the +0 troll leather armour of Classification (worn) {rF+++ rC+++ Regen+ Dex-2 Stlth-}
   (You bought it in a shop on level 11 of the Dungeon)

   It affects your dexterity (-2).
   It renders you almost immune to fire.
   It renders you almost immune to cold.
   It increases your rate of health regeneration.
   It makes you less stealthy.
 z - a +2 helmet (worn)
 O - a +0 kite shield of fire resistance
 P - a +2 tower shield (worn)
 X - a +2 pair of gloves of strength (worn)
Jewellery
 d - a ring of see invisible
 e - an amulet of reflection (around neck)
 i - the ring "Gutekh" {Fly rPois Will+++ MP-9 Dex+6}
   (You found it on level 14 of the Dungeon)

   [ring of flight]

   It affects your dexterity (+6).
   It protects you from poison.
   It affects your magic capacity (-9).
   It grants you flight.
   It greatly increases your willpower.
 n - a ring of resist corrosion
 u - a ring of ice
 x - a +6 ring of intelligence
 y - a +4 ring of protection (left hand)
 H - a ring of fire
 M - a ring of wizardry (right hand)
 V - a +4 ring of slaying
 W - an amulet of regeneration
Wands
 s - a wand of digging (16)
 t - a wand of mindburst (21)
 C - a wand of iceblast (21)
 J - a wand of acid (31)
Scrolls
 a - 5 scrolls of magic mapping
 b - 2 scrolls of teleportation
 j - a scroll of vulnerability
 p - 3 scrolls of identify
 w - 2 scrolls of holy word
 A - 4 scrolls of fear
 E - 2 scrolls of enchant armour
 I - 4 scrolls of enchant weapon
 K - 4 scrolls of fog
 R - a scroll of brand weapon
 U - a scroll of immolation
 Y - 2 scrolls of summoning
 Z - 2 scrolls of blinking
Potions
 g - 4 potions of haste
 h - 9 potions of curing
 k - 6 potions of brilliance
 v - 2 potions of might
 B - a potion of cancellation
 D - 6 potions of lignification
 F - a potion of resistance
 G - 3 potions of mutation
 Q - 9 potions of ambrosia
 S - a potion of heal wounds
 T - 2 potions of berserk rage
Miscellaneous
 l - a box of beasts
 m - a tin of tremorstones (2/2)
 o - a lightning rod (4/4)
 N - a condenser vane


   Skills:
 * Level 10.8 Fighting
 + Level 2.7(3.7) Axes
 + Level 3.7(4.2) Polearms
 + Level 4.3 Armour
 + Level 6.5 Dodging
 + Level 5.5 Stealth
 + Level 4.1 Shields
 + Level 0.8 Unarmed Combat
 * Level 18.3 Spellcasting
 + Level 3.7 Evocations


You had 5 spell levels left.
You knew the following spells:

 Your Spells              Type           Power      Damage    Failure   Level
a - Foxfire               Conj/Fire      100%       2x1d9     0%          1
b - Conjure Flame         Conj/Fire      87%        6-21      1%          3
c - Inner Flame           Hex/Fire       87%        N/A       1%          3
d - Sticky Flame          Conj/Fire      87%        2d10      1%          4
e - Fireball              Conj/Fire      43%        3d17      1%          5
f - Animate Skeleton      Necr           100%       N/A       0%          1
g - Poisonous Vapours     Pois/Air       100%       N/A       1%          2
h - Wereblood             Tmut           87%        N/A       1%          2
i - Swiftness             Air            87%        N/A       1%          3
j - Hydra Form            Tmut           43%        N/A       1%          5
k - Agony                 Necr           87%        N/A       1%          5
l - Eringya's Noxious Bo  Tmut/Pois      43%        N/A       1%          6
m - Malign Gateway        Summ/Tloc      43%        N/A       8%          7
Your spell library was empty.

Dungeon Overview and Level Annotations

Branches:
Dungeon (15/15)            Temple (1/1) D:5            Lair (6/6) D:11
 Shoals (3/4) Lair:2        Snake (0/4) Lair:4        Slime (0/5) Lair:5
    Orc (2/2) D:10            Elf (0/3) Orc:2        Vaults (0/5) D:13
 Depths (0/5) D:15

Altars:
Ashenzari
Cheibriados
Dithmenos
Elyvilon
Fedhas
Gozag
Hepliaklqana
Kikubaaqudgha
Makhleb
Nemelex Xobeh
Okawaru
Qazlal
Ru
Sif Muna
Trog
Uskayaw
Vehumet
Wu Jian
Xom
Yredelemnul
Zin
The Shining One
Beogh
Jiyva

Shops:
D:2 (   D:7 !   D:10 ![(   D:11 (*::[   D:13 [   Orc:2 [!(=

Annotations:
D:10 8 runed translucent doors, Zellion's ghost, novice DgGl; supercan's ghost, weakling FoDe
D:11 1209 armout


Innate Abilities, Weirdness & Mutations

You are immune to sickness and miasma.
You are immune to poison.
Your flesh is very heat resistant. (rF++)
You are vulnerable to cold. (rC-)
You float through the air rather than walking.
You learn spells naturally, not from books.
Your magical power is your life essence.
You have superior vitality. (+4 HP)


Message History

The elephant trumpets!
The elephant is no longer distracted by gold.
Your eldritch tentacle slaps the elephant!!
The elephant looks as sick as possible!
Your eldritch tentacle poisons the elephant!
Your eldritch tentacle claws the elephant!!
The elephant tramples your eldritch tentacle!
The elephant trunk-slaps your eldritch tentacle but does no damage.
Your eldritch tentacle slaps the elephant!
The elephant dies!
Unknown command.
Casting: Malign Gateway (dangerous; 8% risk of failure)
Confirm with . or Enter, or press ? or * to list all spells.
Aiming: Sticky Flame (safe; 1% risk of failure)
Press: ? - help, Shift-Dir - straight line, f - meliai
Aim: a meliai, wielding a +0 hand axe and wearing a +0 leather armour (ally target, 100% to hit)
The sticky flame hits the meliai!
The meliai is heavily wounded.
The meliai is covered in liquid flames!
The meliai burns!
The meliai calls down the wrath of its god upon you.
Something smites you! The meliai hits you with a +0 hand axe!
You block the meliai's attack.
A merfolk impaler comes into view. It is wielding a +0 trident.
The cyclops throws a large rock.
The large rock hits you!!
Unknown command.
You closely miss the meliai.
The meliai is severely wounded.
The merfolk impaler shouts!
You hear a shout!
The meliai burns!
The meliai calls down the wrath of its god upon you.
Something smites you!
* * * LOW HITPOINT WARNING * * *
The meliai hits you with a +0 hand axe!
* * * LOW HITPOINT WARNING * * *
The meliai stings you but does no damage.
The merfolk impaler becomes distracted by the nearby gold, dreaming of imaginary riches.
You block the meliai's attack. The meliai closely misses you.
The cyclops throws a large rock.
The large rock hits you!!
You die...
Your body crumbles into a pile of gold.

.≈≈≈≈≈≈....$........
.≈≈≈≈.≈............#
#≈≈≈.$.≈..<..##...##
#≈≈....≈≈......m...#
#.......$≈......C..
#....w....≈≈C##....
##...*........# ..>
#.....y?.≈.....
#.....@.....≈≈..
#........≈≈≈≈≈≈.
≈≈.......≈≈≈≈≈≈≈≈
.≈#.≈≈≈≈≈≈≈≈≈≈≈≈ ≈
#≈≈≈≈≈≈≈≈≈≈≈≈≈
#≈≈≈≈≈≈≈≈≈≈≈≈≈
#≈≈≈≈≈≈≈≈≈≈≈≈≈
≈≈≈≈≈≈≈≈≈≈≈≈≈≈


You could see a merfolk impaler (unaware), a cyclops, a meliai (burning, ally
target) and a friendly eldritch tentacle.

Vanquished Creatures
  Donald (Orc:2)
  2 orc warlords
  An ironbound preserver (D:13)
  Nessos (Orc:2)
  The ghost of HilariousDeathArtist the Grappler, a journeyman TrTm of Jiyva (Lair:6)
  2 boulder beetles
  8 hydras
  2 ogre magi (Orc:2)
  A death knight (D:14)
  A merfolk aquamancer (Shoals:2)
  4 centaur warriors
  4 two-headed ogres
  2 alligators (Shoals:2)
  A satyr (Shoals:2)
  A tengu warrior (D:15)
  The ghost of MikuNakano the Blocker, a journeyman VSFi of Gozag (D:11)
  Nergalle (Orc:2)
  A vampire mage (D:15)
  An orc high priest (Orc:2)
  The ghost of freelancePsychic the Digger, a novice TrEE of Dithmenos (D:7)
  6 skeletal warriors
  A sea snake (Shoals:1)
  The ghost of Tipnoph the Ruffian, a novice DrTm of Makhleb (Lair:1)
  2 deep elf pyromancers
  An orc knight (Orc:2)
  A necromancer (D:15)
  An ugly thing (D:6)
  4 harpies (Shoals:1)
  9 orc sorcerers
  17 slime creatures
  5 cyclopes
  9 manticores
  A merfolk siren (Shoals:1)
  6 black mambas
  2 water nymphs (Shoals:1)
  5 elephants
  Maggie (D:9)
  2 gargoyles
  A cane toad (shapeshifter) (D:15)
  An unseen horror (D:11)
  21 cane toads
  9 komodo dragons
  An efreet (D:10)
  4 rime drakes
  A komodo dragon (shapeshifter) (D:10)
  A spriggan zombie (D:15)
  An ice devil (D:15)
  2 freezing wraiths (D:14)
  2 tengu conjurers
  A guardian mummy (D:15)
  13 merfolk
  A hornet (Lair:1)
  2 queen bees
  3 trolls
  2 polar bears
  4 meliai
  2 tyrant leeches (Lair:6)
  4 dream sheep (Lair:6)
  2 wind drakes (Shoals:1)
  13 blink frogs
  7 snapping turtles
  Sigmund (D:3)
  4 water elementals
  2 shadows
  2 wyverns
  A deep troll skeleton (D:15)
  12 wraiths
  A steam dragon (D:9)
  6 basilisks
  45 yaks
  2 chaos spawn (D:9)
  12 vampire mosquitoes
  4 wargs (Orc:2)
  Menkaure (D:4)
  8 water moccasins
  An acid dragon (D:12)
  2 nagas (Lair:4)
  19 orc warriors
  2 ice beasts (D:7)
  2 black bears
  2 necrophages
  2 sky beasts
  11 ogres
  22 wolves
  7 centaurs
  5 kobold brigands
  23 bullfrogs
  A gnoll sergeant (D:10)
  Blork the orc (D:6)
  A wyvern zombie (D:4)
  A water moccasin zombie (D:6)
  34 killer bees
  5 wights
  8 electric eels
  7 howler monkeys
  A crimson imp (D:15)
  4 centaur zombies
  A bullfrog zombie (D:6)
  2 hounds (D:6)
  4 jellies
  15 orc priests
  2 gnoll shamans
  A bullfrog skeleton (D:7)
  5 iguanas
  17 orc wizards
  A killer bee zombie (D:7)
  A centaur simulacrum (D:7)
  A howler monkey zombie (D:6)
  2 killer bee simulacra (D:7)
  Robin (D:3)
  18 gnolls
  9 adders
  A shadow imp (D:9)
  9 white imps
  2 ufetubi
  2 worms
  2 dart slugs
  63 orcs
  8 endoplasms
  2 giant cockroaches
  13 goblins
  6 hobgoblins
  6 jackals
  26 kobolds
  4 ball pythons (D:2)
  4 bats
  4 frilled lizards
  3 rats
706 creatures vanquished.

Vanquished Creatures (collateral kills)
  2 krakens
  Louise (D:14)
  2 merfolk avatars (Shoals:2)
  A merfolk aquamancer (Shoals:2)
  An alligator snapping turtle (Shoals:2)
  An alligator (Shoals:2)
  A sun demon (D:15)
  A sea snake (Shoals:1)
  A wizard (D:14)
  A harpy (Shoals:2)
  5 ugly things (D:14)
  A stone giant zombie (D:15)
  A cyclops (D:14)
  3 manticores
  A frost giant zombie (D:15)
  An eye of devastation (D:14)
  An elephant (Shoals:3)
  3 merfolk sirens
  8 merfolk
  A wind drake (Shoals:2)
  4 snapping turtles
  A basilisk (D:14)
  3 crimson imps (D:15)
  9 tentacles
54 creatures vanquished.

Vanquished Creatures (others)
  25 eldritch tentacles
  A minotaur (Lair:6)
  Snorg (Orc:2)
  Josephine (Orc:2)
  A boulder beetle (Lair:6)
  Fannar (D:12)
  A lindwurm (Lair:6)
  4 orc sorcerers
  4 elephants (Lair:3)
  2 black mambas (Lair:6)
  5 cane toads (Lair:6)
  3 komodo dragons
  A troll (Orc:2)
  3 tyrant leeches (Lair:6)
  10 blink frogs (Lair:6)
  7 yaks (Lair:6)
  A water moccasin (Lair:6)
  5 orc warriors
  6 wolves (Lair:6)
  3 ogres
  3 bullfrogs (Lair:6)
  4 orc priests
  10 orc wizards
  12 orcs
  A bush (Lair:6)
  486 foxfires
  38 fungi
  87 plants
  17 tentacles
  3 withered plants (D:15)
746 creatures vanquished.

Grand Total: 1506 creatures vanquished

Notes
Turn   | Place    | Note
-------+----------+-------------------------------------------
     0 | D:1      | robertstho the Djinni Fire Elementalist began the quest for
                  | the Orb.
     0 | D:1      | Reached XP level 1. HP: 15/15 MP: 0/0
   115 | D:1      | Found a faded altar of an unknown god.
   596 | D:1      | Reached XP level 2. HP: 17/21 MP: 0/0
  1112 | D:2      | Reached skill level 3 in Spellcasting
  1244 | D:2      | Reached XP level 3. HP: 22/26 MP: 0/0
  1244 | D:2      | Learned a level 1 spell: Animate Skeleton
  1297 | D:2      | Found Waxietsubb's Weapon Shoppe.
  1567 | D:2      | Found a white marble altar of Elyvilon.
  1761 | D:2      | Reached XP level 4. HP: 20/31 MP: 0/0
  2095 | D:2      | Reached skill level 1 in Fighting
  2403 | D:3      | Noticed Robin
  2407 | D:3      | Killed Robin
  2408 | D:3      | Reached XP level 5. HP: 21/37 MP: 0/0
  2408 | D:3      | Learned a level 2 spell: Poisonous Vapours
  2613 | D:3      | Noticed Sigmund
  2626 | D:3      | Killed Sigmund
  2627 | D:3      | Reached skill level 4 in Spellcasting
  2627 | D:3      | Reached XP level 6. HP: 38/43 MP: 0/0
  3423 | D:3      | Found a basalt altar of Yredelemnul.
  3431 | D:3      | Found an iron altar of Okawaru.
  3663 | D:4      | Reached skill level 5 in Spellcasting
  4074 | D:4      | Noticed Menkaure
  4080 | D:4      | Killed Menkaure
  4081 | D:4      | Reached XP level 7. HP: 46/49 MP: 0/0
  4081 | D:4      | Learned a level 2 spell: Wereblood
  4394 | D:4      | Reached skill level 6 in Spellcasting
  4949 | D:5      | Entered Level 5 of the Dungeon
  5019 | D:5      | Reached XP level 8. HP: 51/55 MP: 0/0
  5112 | D:5      | Found a staircase to the Ecumenical Temple.
  5113 | D:5      | Found a hide-covered altar of Uskayaw.
  5568 | D:5      | Found a snail-covered altar of Cheibriados.
  6001 | D:6      | Reached skill level 7 in Spellcasting
  6014 | D:6      | Noticed a two-headed ogre
  6022 | D:6      | Killed a two-headed ogre
  6023 | D:6      | Reached skill level 8 in Spellcasting
  6023 | D:6      | Reached XP level 9. HP: 13/62 MP: 0/0
  6023 | D:6      | Learned a level 3 spell: Swiftness
  6172 | D:6      | Noticed a purple ugly thing
  6318 | D:6      | Killed a purple ugly thing
  6724 | D:6      | Noticed Blork the orc
  6728 | D:6      | Killed Blork the orc
  7246 | D:7      | Reached skill level 9 in Spellcasting
  7246 | D:7      | Reached XP level 10. HP: 59/69 MP: 0/0
  7436 | D:7      | Reached skill level 5 in Fighting
  7869 | D:7      | Found a runed translucent gate.
  7869 | D:7      | Found a runed translucent gate.
  7869 | D:7      | Found a runed translucent gate.
  7902 | D:7      | Found Lomof's Distillery.
  7963 | D:7      | Bought a potion of degeneration for 16 gold pieces
  7963 | D:7      | Bought a potion of curing for 48 gold pieces
  7963 | D:7      | Bought a potion of heal wounds for 80 gold pieces
  7963 | D:7      | Bought a potion of mutation for 128 gold pieces
  7963 | D:7      | Bought a potion of berserk rage for 80 gold pieces
  8012 | Temple   | Entered the Ecumenical Temple
  8245 | D:7      | Noticed freelancePsychic's ghost (novice TrEE)
  8743 | D:7      | Killed freelancePsychic's ghost
  8744 | D:7      | Reached skill level 10 in Spellcasting
  9628 | D:8      | Found a sparkling altar of Nemelex Xobeh.
 10041 | D:8      | Identified the +7 plate armour of Waejeyts {Str+7}
 10611 | D:8      | Found a shimmering altar of Xom.
 10736 | D:9      | Noticed Maggie
 10740 | D:9      | Killed Maggie
 10741 | D:9      | Reached XP level 11. HP: 56/76 MP: 0/0
 10741 | D:9      | Learned a level 5 spell: Hydra Form
 10784 | D:9      | Reached skill level 11 in Spellcasting
 11298 | D:9      | Found a shimmering altar of Xom.
 11300 | D:9      | Found the +7 mace of Variability {chain chaos}
 11706 | D:9      | Found a shadowy altar of Dithmenos.
 12217 | D:10     | Entered Level 10 of the Dungeon
 12560 | D:10     | Found a staircase to the Orcish Mines.
 12576 | D:10     | Found the +9 staff of Olgreb {rPois∞}
 12580 | D:10     | Found a runed translucent door.
 12598 | D:10     | Found a runed translucent door.
 12607 | D:10     | Found a runed translucent gate.
 12607 | D:10     | Found a runed translucent gate.
 12621 | D:10     | Found a runed translucent gate.
 12771 | D:10     | Found an opulent altar of Gozag.
 12952 | D:10     | Found Galaupp's Distillery.
 13327 | D:10     | Noticed a two-headed ogre
 13332 | D:10     | Killed a two-headed ogre
 13453 | D:10     | Found a runed translucent gate.
 13456 | D:10     | Found a runed translucent gate.
 13456 | D:10     | Noticed supercan's ghost (weakling FoDe)
 13456 | D:10     | Noticed Zellion's ghost (novice DgGl)
 13457 | D:10     | Found a runed translucent gate.
 13805 | D:10     | Became a worshipper of Gozag Ym Sagoz the Greedy
 13836 | D:11     | Found a broken altar of Ashenzari.
 13970 | D:11     | Found Tirorhal's Armour Emporium.
 14032 | D:11     | Reached skill level 12 in Spellcasting
 14139 | D:11     | Found Decydom's Book Boutique.
 14383 | D:11     | Found a staircase to the Lair.
 14631 | D:11     | Reached skill level 1 in Evocations
 14866 | D:11     | Found a runed translucent gate.
 14867 | D:11     | Found a runed translucent gate.
 14867 | D:11     | Found a runed translucent gate.
 14867 | D:11     | Noticed MikuNakano's ghost (journeyman VSFi)
 14873 | D:11     | Found a viscous altar of Jiyva.
 14883 | D:11     | Found Xovusup's Antique Weapon Boutique.
 14893 | D:11     | Bought an ichor-stained broad axe for 243 gold pieces
 14893 | D:11     | Identified the +7 broad axe "Luarhide" {flame, Drain rF+
                  | rCorr Str+3} (You bought it in a shop on level 11 of the
                  | Dungeon)
 14896 | D:11     | Noticed a two-headed ogre
 14901 | D:11     | Killed a two-headed ogre
 14902 | D:11     | Reached XP level 12. HP: 59/84 MP: 0/0
 14908 | D:11     | Reached skill level 1 in Shields
 15992 | D:11     | Found Gogri's Book Shop.
 16317 | D:11     | Killed MikuNakano's ghost
 16683 | D:12     | Reached skill level 13 in Spellcasting
 17076 | D:12     | Reached skill level 1 in Axes
 17429 | Lair:1   | Entered Level 1 of the Lair of Beasts
 17477 | Lair:1   | Identified a scroll of acquirement
 17478 | Lair:1   | Acquired the +12 demon trident of Annihilation {flame, rF-
                  | Will+++ Int+4}
 17480 | Lair:1   | Reached skill level 5 in Dodging
 17480 | Lair:1   | Reached skill level 5 in Stealth
 17480 | Lair:1   | Reached XP level 13. HP: 74/74 MP: 0/0
 17480 | Lair:1   | Learned a level 5 spell: Agony
 17481 | Lair:1   | Reached XP level 14. HP: 81/81 MP: 0/0
 18428 | Lair:1   | Found a transporter.
 18431 | Lair:1   | Found a transporter.
 18436 | Lair:1   | Noticed Tipnoph's ghost (novice DrTm)
 18790 | Lair:1   | Identified Uklut's Almanac of the Glacier and Dark Rites
 19236 | Lair:1   | Killed Tipnoph's ghost
 19237 | Lair:1   | Reached skill level 14 in Spellcasting
 19818 | Lair:2   | Reached XP level 15. HP: 94/104 MP: 0/0
 19818 | Lair:2   | Learned a level 6 spell: Eringya's Noxious Bog
 20847 | Lair:2   | Found a staircase to the Shoals.
 22300 | D:11     | Bought the +0 troll leather armour of Classification {rF+++
                  | rC+++ Regen+ Dex-2 Stlth-} for 1209 gold pieces
 22600 | Lair:4   | Reached skill level 15 in Spellcasting
 22785 | Lair:4   | Found a staircase to the Snake Pit.
 23615 | Lair:5   | Found a staircase to the Slime Pits.
 23770 | Lair:6   | Entered Level 6 of the Lair of Beasts
 24342 | Lair:6   | Noticed HilariousDeathArtist's ghost (journeyman TrTm)
 24362 | Lair:6   | Reached XP level 16. HP: 94/113 MP: 0/0
 24556 | Lair:6   | Found a runed translucent gate.
 24556 | Lair:6   | Found a runed translucent gate.
 24556 | Lair:6   | Found a runed translucent gate.
 24582 | Lair:6   | Identified the +4 spear "Cozxos" {venom, +Blink rF- rN+
                  | Int+3}
 24599 | Lair:6   | Reached skill level 16 in Spellcasting
 24691 | Lair:6   | Identified the +10 trident "Dragonslayer" {antimagic, *Slow
                  | rC+ Will+++ Dex-5}
 25261 | Lair:6   | Killed HilariousDeathArtist's ghost
 25445 | Orc:1    | Entered Level 1 of the Orcish Mines
 25852 | Orc:2    | Entered Level 2 of the Orcish Mines
 25875 | Orc:2    | Found a staircase to the Elven Halls.
 26107 | Orc:2    | Noticed Snorg
 26114 | Orc:2    | Killed Snorg
 26136 | Orc:2    | Noticed Nessos
 26150 | Orc:2    | Killed Nessos
 26151 | Orc:2    | Reached skill level 10 in Fighting
 26241 | Orc:2    | Noticed Josephine
 26247 | Orc:2    | Killed Josephine
 26543 | Orc:2    | Noticed Donald
 26550 | Orc:2    | Killed Donald
 27156 | Orc:2    | Found Vosmuusch's Jewellery Emporium.
 27181 | Orc:2    | Noticed Nergalle
 27208 | Orc:2    | Killed Nergalle
 27247 | Orc:2    | Found Ykung's Antique Weapon Shoppe.
 27367 | Orc:2    | Found Isoj Etakhlo's Distillery.
 27381 | Orc:2    | Found Haysmema's Antique Armour Emporium.
 27388 | Orc:2    | Bought a potion of heal wounds for 70 gold pieces
 27388 | Orc:2    | Bought a potion of berserk rage for 70 gold pieces
 27388 | Orc:2    | Bought 2 potions of curing for 84 gold pieces
 27396 | Orc:2    | Bought a pair of runed gloves for 277 gold pieces
 27978 | D:12     | Noticed Fannar
 27989 | D:12     | Killed Fannar
 28733 | D:13     | Found Ryreif's Armour Emporium.
 28739 | D:13     | Bought a +2 tower shield for 181 gold pieces
 28814 | D:13     | Reached skill level 17 in Spellcasting
 29284 | D:13     | Found a gate to the Vaults.
 29317 | D:13     | Reached XP level 17. HP: 112/120 MP: 0/0
 29317 | D:13     | Learned a level 7 spell: Malign Gateway
 29580 | D:14     | Noticed Louise
 29590 | D:14     | Killed Louise
 29693 | D:14     | Found a hide-covered altar of Uskayaw.
 29737 | D:14     | Identified the ring "Gutekh" {Fly rPois Will+++ MP-9 Dex+6}
 30506 | D:15     | Entered Level 15 of the Dungeon
 30678 | D:15     | Found a staircase to the Depths.
 31504 | Shoals:1 | Entered Level 1 of the Shoals
 31622 | Shoals:1 | Noticed a kraken
 31635 | Shoals:1 | Killed a kraken
 31821 | Shoals:1 | Identified the +6 scythe of Crusades {freeze, Will+}
 32187 | Shoals:1 | Reached skill level 18 in Spellcasting
 32549 | Shoals:2 | Noticed a kraken
 32617 | Shoals:2 | You are sucked into a shaft and drop 1 floor!
 33132 | Shoals:2 | Killed a kraken
 33703 | Shoals:3 | Hit by a large rock thrown by a cyclops

Illustrated notes

Levels and vault maps discovered:
D:1:      dpeg_arrival_castle, layout_loops_ring, ebering_ecumenical_altar_mist
D:2:      layout_loops_ring, basic_altar, serial_shops,
          nicolae_shop_temple_entry_statues_fountains, cheibrodos_gnoll_hut
D:3:      layout_loops_ring, grunt_temple_overflow_diamond, uniq_sigmund,
          uniq_robin
D:4:      layout_basic, corexii_checkpoint_a, uniq_menkaure
D:5:      layout_loops_corners, nicolae_overflow_crystal_walls,
          cheibrodos_worm_habitat, minmay_temple_entry_statues_fountains
D:6:      cheibrodos_fzero, layout_gridville, uniq_blork_the_orc
D:7:      layout_loops_cross, serial_shops, shop, gammafunk_ghost_icy,
          minmay_misc_feat_rugged, minmay_misc_feat_five,
          minmay_misc_feat_hallway
D:8:      layout_loops_ring, nemelex_diamond_rough_becter, kennysheep_mini_moat,
          chequers_big_river, hangedman_decor_opposing
D:9:      layout_roguey, grunt_dithmenos_shadows, nicolae_wwwww,
          minmay_guarded_unrand_variability, uniq_maggie
D:10:     wander_river, layout_basic, grunt_gozag_breadcrumbs,
          hiddenorc1_lemuel, gammafunk_ghost_cemetery, serial_shops,
          shop_fountains, serial_corexii_hall, corexii_hall_statues_deadend,
          corexii_hall_statues_x, minmay_guarded_unrand_staff_of_olgreb
D:11:     cheibrodos_helix_gallery, layout_layer_cave, lair_entry_dummy,
          serial_shops, shop, shop, shop, shop_coins, gammafunk_ghost_ooze,
          nicolae_ashenzari_panopticon
D:12:     layout_gridville, uniq_fannar
D:13:     layout_rooms, skrybe_vaults_entry_preservation, serial_shops, shop
D:14:     layout_long_grid, chequers_garden,
          nicolae_uskayaw_murder_on_the_dancefloor, uniq_louise
D:15:     gammafunk_depths_entry_grave, layout_loops_ring,
          minmay_misc_feat_four_crosses, minmay_fire_ice_demons
Temple:   cyrus_circular_temple
Lair:1:   layout_small_grid, gammafunk_ghost_hive, serial_bayou_shore_b,
          serial_bayou_shore_b
Lair:2:   layout_chaotic_city, elwin_shoals_entry_rooms,
          infiniplex_staircase_pool_2, serial_bayou_shore_b, grunt_megastairs_5
Lair:3:   layout_gridlike
Lair:4:   layout_hall_layers, guppyfry_snake_entry_island, grunt_megastairs_4
Lair:5:   layout_regular_city, minmay_slime_entry_oklob_enclosed,
          serial_bayou_shore_a
Lair:6:   minmay_lair_end_frog_pond, layout_gridlike,
          maelrawn_ghost_gauntlet_escape, lemuel_another_geyser,
          infiniplex_staircase_pool
Shoals:1: layout_shoals, nicolae_shoals_wave_tunnel
Shoals:2: nicolae_shoals_island_circles, layout_shoals, lemuel_altar_in_water,
          nicolae_shoals_siren_and_animal_friends
Shoals:3: layout_shoals, regret_index_shoals_crete
Orc:1:    layout_caves, special_room [special_room_bee], nicolae_orc_tapped_out
Orc:2:    kennysheep_orc_mage_school, layout_diamond_mine, minmay_orc_temple_c,
          uniq_nessos, uniq_snorg, uniq_donald, uniq_josephine

Skill      XL: |  1  2  3  4  5  6  7  8  9 10 11 12 13 14 15 16 17 |
---------------+----------------------------------------------------+-----
Spellcasting   | 3 4 5 6 8 9 10 12 13 14 15 17 18 | 18.3
Fighting       | 1 2 4 5 6 7 8 9 10 | 10.8
Stealth        | 2 3 5 |  5.5
Dodging        | 3 5 6 |  6.5
Evocations     | 1 3 |  3.7
Shields        | 2 3 4 |  4.1
Axes           | 1 2 |  2.7
Polearms       | 2 3 |  3.7
Armour         | 2 3 4 |  4.3
Unarmed Combat | |  0.8

Action                   |  1- 3 |  4- 6 |  7- 9 | 10-12 | 13-15 | 16-18 || total
-------------------------+-------+-------+-------+-------+-------+-------++-------
Melee: Spear             |       |     9 |     7 |     4 |       |       ||    20
       Battleaxe         |       |       |       |     4 |       |       ||     4
       Broad axe         |       |       |       |     8 |       |       ||     8
       Demon trident     |       |       |       |       |    17 |    27 ||    44
       Unarmed           |       |       |       |       |       |    12 ||    12
 Cast: Foxfire           |    63 |   128 |    95 |     6 |       |       ||   292
       Sticky Flame      |       |     2 |     6 |    32 |    32 |    31 ||   103
       Fireball          |       |       |    21 |   197 |   236 |   388 ||   842
       Poisonous Vapours |       |       |     1 |       |       |       ||     1
       Conjure Flame     |       |       |       |     1 |     1 |       ||     2
       Swiftness         |       |       |       |       |     2 |       ||     2
       Eringya's Noxious |       |       |       |       |    17 |    44 ||    61
       Agony             |       |       |       |       |       |     2 ||     2
       Malign Gateway    |       |       |       |       |       |    26 ||    26
       Hydra Form        |       |       |       |       |       |     1 ||     1
Invok: Call Merchant     |       |       |       |       |       |     3 ||     3
Evoke: Wand              |       |       |       |     4 |       |       ||     4
  Use: Scroll            |       |       |     3 |    15 |     4 |    10 ||    32
       Potion            |       |       |       |     4 |     5 |     4 ||    13
 Stab: Sleeping          |       |     1 |       |       |       |       ||     1
       Distracted        |       |       |       |       |     1 |       ||     1
Armor: Robe              |     1 |     1 |     1 |     4 |       |       ||     7
       Steam dragon scal |       |       |       |    14 |    18 |       ||    32
       Troll leather arm |       |       |       |       |     4 |    28 ||    32
       Skin              |       |       |       |       |       |     1 ||     1
Dodge: Dodged            |     8 |    18 |    18 |    24 |    49 |    46 ||   163
Block: Other             |     1 |     3 |     4 |    15 |    15 |     6 ||    44
       Reflection        |       |       |       |     3 |       |    22 ||    25
       Tower shield      |       |       |       |       |       |    98 ||    98

Table legend: (Time is in decaauts)
 A = Elapsed time spent in this place.
 B = Non-inter-level travel time spent in this place.
 C = Inter-level travel time spent in this place.
 D = Time resting spent in this place.
 E = Time spent auto-exploring this place.
 F = Levels seen in this place.
 G = Mean time per level.
                   A        B        C        D        E       F      G
               +--------+--------+--------+--------+--------+-----+--------+
         Total |  33767 |  32190 |   1577 |   3046 |  24734 |  27 | 1250.6 |
       Dungeon |  21127 |  20211 |    916 |   2079 |  16068 |  15 | 1408.5 |
        Temple |     52 |     43 |      9 |      0 |     43 |   1 |   52.0 |
          Lair |   7982 |   7592 |    390 |    815 |   5671 |   6 | 1330.3 |
        Shoals |   2200 |   2158 |     42 |    114 |   1494 |   3 |  733.3 |
  Orcish Mines |   2404 |   2185 |    219 |     38 |   1458 |   2 | 1202.0 |
               +--------+--------+--------+--------+--------+-----+--------+

Top non-repeatable levels by time:
    D:11: 3482 daAuts
  Lair:1: 2296 daAuts
   Orc:2: 1950 daAuts
     D:8: 1947 daAuts
     D:7: 1779 daAuts
    D:10: 1653 daAuts
  Lair:6: 1598 daAuts
  Lair:2: 1505 daAuts
     D:4: 1444 daAuts
     D:6: 1379 daAuts
     D:2: 1341 daAuts
  Lair:3: 1258 daAuts
     D:9: 1149 daAuts
     D:3: 1111 daAuts
Shoals:2: 1102 daAuts
